Map: Acid Plant LE

Players

Maplez - Winner!

  • Race: Protoss Protoss
  • League: Grandmaster
  • Spawn Location: 11:00

aaaaaaaaaaaa

  • Race: Zerg Zerg
  • League: Grandmaster
  • Spawn Location: 5:00

VOD

Have the link to the VOD?

Description

Time

  • Played on: May 7, 2018, 5:07 p.m.
  • Length: 10:15
Show
View Real Time Build Order
Export as new Build Order

Maplez Protoss - Winner!

Build Orders: 1 Gate Expand, Oracle Opening, Phoenix Opening, Zealot Archon 

Get SALT Encoding   

  12  0:00  Probe  
  13  0:12  Probe  
  14  0:17  Pylon  
  14  0:23  Probe  
  15  0:32  Probe  
  15  0:38  Gateway  
  15  0:40  Probe  
  16  0:47  Assimilator  
  17  0:51  Probe  
  18  1:03  Probe  
  19  1:15  Probe  
  20  1:25  Nexus  
  20  1:27  Probe  
  21  1:37  Cybernetics Core  
  21  1:40  Probe  
  22  1:48  Assimilator  
  22  1:52  Pylon  
  22  1:54  Probe  
  23  2:05  Adept  
  23  2:10  Probe  
  26  2:21  Stargate  
  26  2:22  Probe  
  27  2:27  Adept  
  27  2:32  Warp Gate  
  27  2:33  Probe  
  27  2:34  Probe  
  30  2:41  Probe  
  31  2:46  Probe  
  33  2:51  Probe  
  33  2:57  Adept  
  36  2:58  Probe  
  36  3:04  Probe  
  38  3:07  Oracle  
  38  3:10  Probe  
  38  3:11  Pylon  
  39  3:15  Gateway  
  39  3:16  Probe  
  43  3:25  Probe  
  44  3:31  Probe  
  45  3:36  Phoenix  
  45  3:38  Probe  
  45  3:40  Assimilator x2  
  42  3:42  Adept  
  42  3:44  Probe  
  47  3:50  Probe  
  47  3:51  Robotics Facility  
  48  3:56  Probe, Pylon  
  48  4:02  Probe  
  50  4:07  Twilight Council  
  50  4:08  Probe  
  51  4:10  Pylon  
  51  4:16  Probe  
  52  4:24  Charge  
  52  4:29  Warp Prism  
  52  4:31  Gateway  
  52  4:32  Probe  
  52  4:33  Gateway  
  53  4:45  Templar Archives  
  55  4:47  Zealot x2  
  59  5:06  Nexus  
  59  5:07  Pylon  
  59  5:09  Observer  
  59  5:14  Probe  
  61  5:20  Forge  
  61  5:25  Probe  
  61  5:26  Pylon  
  61  5:28  Shield Battery  
  62  5:33  High Templar x3  
  68  5:35  Shield Battery  
  68  5:36  Probe  
  68  5:37  Pylon, Immortal  
  68  5:38  High Templar  
  68  5:40  Probe  
  68  5:41  Archon  
  68  5:42  Archon  
  76  5:52  Protoss Ground Weapons Level 1  
  76  5:54  Pylon  
  76  6:12  Zealot x2, Immortal  
  76  6:13  Zealot  
  76  6:17  Psionic Storm  
  86  6:29  Probe  
  86  6:30  Probe  
  86  6:31  Probe  
  89  6:41  Probe, Zealot x4  
  89  6:42  Probe  
  89  6:44  Immortal  
  99  6:52  Gateway  
  99  6:53  Gateway  
  103  6:56  Probe  
  104  7:04  Probe  
  104  7:07  Probe  
  106  7:09  Assimilator  
  106  7:11  Assimilator  
  106  7:19  High Templar x3  
  106  7:21  Probe x2  
  114  7:23  Probe  
  114  7:24  Pylon  
  115  7:32  Pylon  
  115  7:33  Probe x2  
  117  7:38  Pylon  
  117  7:39  Pylon  
  117  7:42  Probe, Gateway x2  
  118  7:45  Probe x2  
  118  7:47  Immortal  
  120  7:57  Protoss Ground Weapons Level 2  
  124  8:00  Robotics Facility  
  124  8:09  Zealot x4  
  132  8:26  Nexus  
  132  8:27  Pylon, Immortal  
  136  8:39  Immortal  
  136  8:41  Zealot x4  
  130  9:03  Fleet Beacon, Oracle  
  130  9:05  Zealot  
  130  9:06  Zealot x2  
  136  9:11  Immortal  
  143  9:18  Immortal  
  143  9:21  Zealot x3  
  138  9:36  Zealot x4  
  129  9:44  Zealot x3  
  127  10:02  Zealot x2  
  127  10:03  Zealot x2  
Show
View Real Time Build Order
Export as new Build Order

aaaaaaaaaaaa Zerg 

Build Orders: Hatch First, Lurkers 

Get SALT Encoding   

  12  0:00  Drone  
  13  0:12  Overlord  
  13  0:17  Drone  
  14  0:30  Drone  
  14  0:31  Drone  
  16  0:48  Hatchery  
  15  0:52  Drone  
  15  0:56  Drone  
  17  1:05  Extractor  
  17  1:11  Spawning Pool  
  15  1:14  Drone  
  17  1:18  Drone  
  17  1:22  Drone  
  18  1:28  Drone  
  19  1:39  Drone  
  20  1:49  Overlord  
  20  1:57  Queen  
  20  2:00  Zergling x2  
  20  2:01  Queen  
  23  2:04  Drone  
  26  2:11  Metabolic Boost  
  26  2:13  Drone  
  27  2:20  Drone  
  28  2:25  Drone x2  
  30  2:33  Drone x2  
  32  2:43  Hatchery  
  31  2:47  Overlord  
  31  2:49  Drone  
  32  2:55  Queen  
  34  2:59  Zergling x4  
  36  3:07  Zergling x2  
  36  3:08  Drone x3  
  40  3:14  Overlord  
  40  3:19  Overlord  
  40  3:26  Drone x2  
  42  3:30  Drone  
  41  3:37  Drone x2  
  41  3:38  Spore Crawler  
  41  3:39  Spore Crawler  
  40  3:42  Drone x3  
  40  3:44  Drone  
  40  3:45  Spore Crawler  
  40  3:47  Drone x2  
  45  3:55  Lair  
  45  3:56  Drone  
  45  3:58  Drone  
  45  3:59  Drone  
  48  4:03  Drone  
  48  4:06  Overlord  
  48  4:07  Drone  
  50  4:11  Overlord  
  50  4:13  Drone x2  
  52  4:18  Extractor  
  52  4:19  Drone x2, Extractor  
  52  4:21  Drone  
  53  4:26  Drone  
  53  4:27  Drone  
  53  4:28  Drone x2  
  53  4:31  Queen  
  57  4:34  Drone  
  57  4:36  Drone  
  57  4:38  Drone  
  62  4:40  Overlord  
  62  4:42  Drone  
  62  4:44  Extractor  
  62  4:50  Overlord  
  62  4:51  Drone  
  62  4:52  Drone x4  
  67  4:53  Overlord  
  66  5:00  Overlord  
  66  5:06  Zergling x4  
  67  5:12  Drone x3  
  67  5:13  Hydralisk Den  
  68  5:17  Evolution Chamber  
  68  5:20  Zergling x2  
  68  5:21  Zergling x8  
  72  5:22  Zergling x2  
  72  5:26  Zergling x4  
  75  5:30  Zergling x4  
  77  5:41  Hatchery  
  76  5:43  Zerg Missile Weapons Level 1  
  76  5:45  Grooved Spines, Hydralisk  
  76  5:46  Hydralisk x3  
  76  5:49  Hydralisk  
  86  5:50  Hydralisk  
  86  5:53  Hydralisk  
  86  5:55  Hydralisk  
  92  5:58  Hydralisk  
  92  6:02  Hydralisk  
  95  6:06  Hydralisk  
  84  6:21  Drone x2  
  84  6:22  Drone x4  
  84  6:23  Drone x3  
  84  6:24  Drone  
  92  6:29  Drone x4  
  96  6:35  Hydralisk  
  96  6:36  Hydralisk, Lurker Den  
  98  6:42  Hydralisk  
  98  6:43  Zergling x6  
  98  6:44  Zergling x2  
  104  6:47  Extractor, Zergling x4  
  104  6:48  Extractor  
  104  6:53  Overlord  
  104  6:54  Zergling x2  
  104  6:57  Overlord  
  104  6:59  Overlord  
  104  7:01  Overlord  
  105  7:03  Overlord  
  105  7:06  Hydralisk x2  
  109  7:15  Muscular Augments  
  109  7:17  Hydralisk x4  
  117  7:25  Drone x2  
  117  7:28  Hydralisk x2  
  123  7:30  Zergling x12  
  123  7:32  Queen  
  123  7:34  Overseer  
  131  7:40  Zerg Missile Weapons Level 2  
  131  7:43  Zergling x6  
  134  7:44  Zergling x4  
  134  7:45  Hydralisk  
  134  7:47  Hydralisk x2  
  141  7:51  Overlord  
  141  7:53  Hydralisk, Overlord  
  141  7:55  Hydralisk  
  143  7:59  Hydralisk  
  143  8:00  Overlord  
  143  8:03  Overlord  
  143  8:05  Lurker  
  146  8:06  Zergling x2  
  146  8:07  Zergling x6  
  146  8:09  Zergling x2  
  146  8:10  Zergling x4  
  146  8:11  Lurker  
  154  8:16  Lurker  
  154  8:17  Zergling x4  
  154  8:18  Zergling x8  
  161  8:21  Overlord  
  161  8:22  Extractor  
  161  8:23  Lurker  
  161  8:24  Drone  
  161  8:25  Drone x2  
  164  8:29  Overlord  
  164  8:32  Hydralisk x3  
  170  8:35  Hydralisk  
  170  8:38  Hydralisk  
  170  8:39  Overlord  
  169  8:43  Drone x2  
  169  8:44  Hydralisk  
  169  8:45  Hydralisk  
  169  8:47  Overlord  
  174  8:51  Hydralisk x2  
  174  8:52  Overlord  
  174  8:54  Hydralisk  
  176  8:59  Zergling x2  
  176  9:00  Zergling x10  
  182  9:03  Zergling x2  
  182  9:04  Zergling x2  
  182  9:09  Zergling x2  
  185  9:12  Zergling x2  
  185  9:14  Queen  
  188  9:19  Hydralisk  
  188  9:20  Hydralisk x5  
  196  9:25  Hydralisk  
  196  9:28  Hydralisk x2  
  196  9:29  Hydralisk  
  174  9:31  Hydralisk  
  174  9:36  Hydralisk x2  
  174  9:37  Hydralisk  
  133  9:40  Hydralisk  
  133  9:42  Zergling x4  
  133  9:45  Hydralisk x2  
  132  9:48  Hydralisk  
  134  9:55  Zergling x4  
Tags
 
Add a new tag
Caveats
  • Supply blocks, unpowered buildings, or Contaminate may cause inaccurate times.
  • Supply counts are checked every 10 seconds.